 Dungeon Crawl Stone Soup version 0.26.1-11-gd32895ea62 (webtiles) character file.

Game seed: 6160344455832500284

2226 sankara the Basher (level 9, -2/84 HPs)
             Began as a Troll Monk on May 13, 2021.
             Was a Believer of Yredelemnul.
             Splashed by a jelly's acid (5 damage)
             ... on level 6 of the Dungeon.
             The game lasted 00:18:40 (5986 turns).

sankara the Basher (Troll Monk)                     Turns: 5986, Time: 00:18:41

Health: -2/84      AC:  7    Str: 21    XL:     9   Next: 13%
Magic:  8/8        EV: 12    Int:  6    God:    Yredelemnul [**....]
Gold:   110        SH:  0    Dex: 15    Spells: 8/8 levels left

rFire    . . .     SeeInvis .   a - +1 whip (venom)
rCold    . . .     Faith    .   (no shield)
rNeg     . . .     Spirit   .   m - +1 robe
rPois    .         Reflect  .   (helmet restricted)
rElec    .         Harm     .   (no cloak)
rCorr    .         Rampage  .   (gloves unavailable)
Will     .....                  (boots unavailable)
Stlth    ++........             (no amulet)
HPRegen  0.64/turn              w - ring of flight
MPRegen  0.11/turn              (no ring)

@: lethally poisoned (-2 -> -3), injury mirror, hasted, studying Short Blades,
very quick
A: large, unfitting armour, claws 3, regeneration 1, shaggy fur 1, tough skin 3
a: Renounce Religion, Evoke Flight, Animate Remains, Recall Undead Slaves,
Injury Mirror


You were on level 6 of the Dungeon.
You worshipped Yredelemnul.
Yredelemnul was pleased with you.
You visited 2 branches of the dungeon, and saw 7 of its levels.
You also visited: Ossuary.

You collected 371 gold pieces.
You spent 261 gold pieces at shops.

Inventory:

Hand Weapons
 a - a +1 whip of venom (weapon)
 b - a +1 hunting sling
 e - a +0 whip
 i - a +1 dagger of draining
 y - a +2 dire flail of holy wrath
 B - the +2 broad axe "Bociboaj" {freeze, rPois rF+++ Will- Str-2}
   (You bought it in a shop on level 4 of the Dungeon)

   It has been specially enchanted to freeze those struck by it, causing extra
   injury to most foes and up to half again as much damage against particularly
   susceptible opponents.
   It can also slow down cold-blooded creatures.
   It affects your strength (-2).
   It renders you almost immune to fire.
   It protects you from poison.
   It affects your willpower, your defense against some magical effects.
Missiles
 f - 127 stones
 k - 4 large rocks (quivered)
 q - 29 poisoned darts
 s - 20 sling bullets
Armour
 m - a +1 robe (worn)
Jewellery
 w - a ring of flight (left claw)
Scrolls
 c - a scroll of fog
 d - 6 scrolls of teleportation
 g - a scroll of silence {unknown}
 h - 4 scrolls of identify
 n - 5 scrolls of remove curse
 o - a scroll of blinking
 p - a scroll of enchant armour
 z - a scroll of magic mapping {unknown}
 A - 2 scrolls of amnesia
Potions
 j - 2 potions of brilliance
 l - 4 potions of mutation
 r - 5 potions of attraction
 t - 2 potions of lignification
Books
 u - a manual of Short Blades


   Skills:
 + Level 4.2 Fighting
 * Level 9.6 Maces & Flails
 - Level 3.0 Throwing
 + Level 4.1 Dodging
 - Level 1.0 Stealth


You had 8 spell levels left.
You didn't know any spells.
Your spell library was empty.

Dungeon Overview and Level Annotations

Branches:
Dungeon (6/15)             Temple (1/1) D:5         Ossuary (visited)

Altars:
Ashenzari
Cheibriados
Dithmenos
Elyvilon
Fedhas
Gozag
Hepliaklqana
Kikubaaqudgha
Qazlal
Ru
Sif Muna
Wu Jian
Xom
Yredelemnul
The Shining One

Shops:
D:4 (*

Annotations:
D:6 Grinder


Innate Abilities, Weirdness & Mutations

You are too large for most types of armour.
You have claws for hands.
Your natural rate of healing is unusually fast.
You are covered in fur. (AC +1)
You have extremely tough skin. (AC +3)


Message History

Your orc zombie is burned by acid!
Your orc zombie is destroyed!
Grinder blinks!
Unknown command.
You completely miss the jelly.
The jelly is lightly wounded.
You feel sick. The jelly barely misses you.
Unknown command.
You feel yourself speed up. Grinder gestures at you.
You resist with some effort. The jelly hits you.
* * * LOW HITPOINT WARNING * * *
You are splashed with acid!
* * * LOW HITPOINT WARNING * * *
Unknown command.
You offer yourself to Yredelemnul, and are filled with unholy energy.
Unknown command.
You hit the jelly.
The jelly is poisoned.
Your claws burn!
You die...
Your body rises from the dead as a mindless zombie.

....# #. .... ##. #...
##.. ####... ##..#
#...... ### ##..##
.......## ###.####..##
#....#####.........#
##...JZ............##
#....ยง@5..#####.....###
#...##....## ##........
#...#
##....####.....#... #..#
#.........>.#####. ..#
###.######### ## .. ###
# # #


You could see Grinder (very poisoned), a jelly (very poisoned) and a friendly
orc wizard zombie (paralysed).

Vanquished Creatures
  An unseen horror (D:6)
  Edmund (D:4)
  An orc warrior (D:6)
  A necrophage (D:5)
  An ogre (D:4)
  A centaur (D:5)
  7 scorpions
  A water moccasin skeleton (D:5)
  3 centaur zombies (Ossuary)
  2 hounds
  3 orc priests
  Jessica (D:3)
  An iguana (D:2)
  2 orc wizards (D:6)
  Natasha (thrice) (D:2)
  2 worker ants
  2 big kobold zombies (Ossuary)
  2 hound skeletons
  3 mummies (Ossuary)
  4 gnolls (D:5)
  2 scorpion zombies (Ossuary)
  10 adders
  An ufetubus (D:5)
  3 oozes
  An adder skeleton (D:5)
  5 worms
  4 leopard geckos
  20 orcs
  10 ball pythons
  3 giant cockroaches
  2 gnoll zombies (Ossuary)
  11 goblins
  15 hobgoblins
  7 jackals (D:1)
  3 quokkas
  14 bats
  5 frilled lizards
  A goblin zombie (Ossuary)
  4 hobgoblin zombies (Ossuary)
  9 kobolds
  A kobold zombie (Ossuary)
  An orc zombie (Ossuary)
  4 rats
  A spectral orc (D:5)
179 creatures vanquished.

Vanquished Creatures (others)
  2 scorpions (Ossuary)
  2 orc zombies (D:6)
  A worker ant zombie (D:5)
  19 plants
24 creatures vanquished.

Grand Total: 203 creatures vanquished

Notes
Turn   | Place    | Note
-------+----------+-------------------------------------------
     0 | D:1      | sankara the Troll Monk began the quest for the Orb.
     0 | D:1      | Reached XP level 1. HP: 22/22 MP: 0/0
    91 | D:1      | Reached skill level 3 in Maces & Flails
   169 | D:1      | Reached XP level 2. HP: 29/29 MP: 1/1
   483 | D:1      | Reached XP level 3. HP: 36/36 MP: 2/2
   644 | D:1      | Reached skill level 4 in Maces & Flails
  1346 | D:2      | Reached XP level 4. HP: 36/44 MP: 3/3
  1504 | D:2      | Noticed Natasha
  1514 | D:2      | Killed Natasha
  1515 | D:2      | Reached skill level 1 in Throwing
  1645 | D:2      | Noticed Natasha
  1661 | D:2      | Killed Natasha
  1665 | D:2      | Reached skill level 5 in Maces & Flails
  1665 | D:2      | Reached XP level 5. HP: 7/50 MP: 4/4
  1958 | D:2      | Noticed Natasha
  1972 | D:2      | Killed Natasha
  2334 | D:3      | Found a faded altar of an unknown god.
  2394 | D:3      | Reached XP level 6. HP: 59/59 MP: 5/5
  2712 | D:3      | Found a sacrificial altar of Ru.
  2712 | D:3      | Found a glowing golden altar of the Shining One.
  2840 | D:3      | Noticed Jessica
  2848 | D:3      | Found a shimmering blue altar of Sif Muna.
  2852 | D:3      | Killed Jessica
  3004 | D:4      | Found Vealorph's Assorted Antiques.
  3015 | D:4      | Reached skill level 6 in Maces & Flails
  3039 | D:4      | Found a shadowy altar of Dithmenos.
  3069 | D:4      | Found a sand-covered staircase.
  3081 | Ossuary  | Entered an ossuary
  3130 | Ossuary  | Reached XP level 7. HP: 53/66 MP: 6/6
  3285 | Ossuary  | Reached skill level 7 in Maces & Flails
  3799 | D:4      | Reached skill level 8 in Maces & Flails
  3918 | D:4      | Noticed Edmund
  3936 | D:4      | Killed Edmund
  3937 | D:4      | Reached XP level 8. HP: 36/74 MP: 7/7
  4027 | D:4      | Found a broken altar of Ashenzari.
  4027 | D:4      | Found a shimmering altar of Xom.
  4369 | D:4      | Found Fuve's Antique Weapon Boutique.
  4377 | D:4      | Bought a crude broad axe for 162 gold pieces
  4377 | D:4      | Identified the +2 broad axe "Bociboaj" {freeze, rPois rF+++
                  | Will- Str-2} (You bought it in a shop on level 4 of the
                  | Dungeon)
  4378 | D:4      | Bought a glowing whip for 99 gold pieces
  4489 | D:5      | Entered Level 5 of the Dungeon
  4728 | D:5      | Found a basalt altar of Yredelemnul.
  4737 | D:5      | Became a worshipper of Yredelemnul the Dark
  4737 | D:5      | Reached * piety under Yredelemnul
  4737 | D:5      | Reached ** piety under Yredelemnul
  4817 | D:5      | Found a staircase to the Ecumenical Temple.
  4826 | Temple   | Entered the Ecumenical Temple
  5739 | D:6      | Killed an unseen horror
  5740 | D:6      | Reached skill level 9 in Maces & Flails
  5740 | D:6      | Reached XP level 9. HP: 15/84 MP: 8/8
  5962 | D:6      | Noticed Grinder
  5963 | D:6      | Paralysed by Grinder for 6 turns
  5984 | D:6      | HP: 3/84 [acid (10)]
  5986 | D:6      | Splashed by a jelly's acid

Illustrated notes

Levels and vault maps discovered:
D:1:      matt_arrival_refuge, layout_loops_ring, chequers_serial_rivers_large_b
D:2:      cheibrodos_greedy_goblins, layout_loops_ring, serial_forest,
          infiniplex_forest_clump_tiny, infiniplex_forest_clump_small,
          infiniplex_forest_clump_C, infiniplex_forest_zigzag_1,
          infiniplex_forest_split, infiniplex_forest_clump_small, uniq_natasha
D:3:      layout_rooms, amethyst_overflow_temple_binary, tgw_sif,
          chequers_ecumenical_altar_simple_redux, dk_noncrumbling_2,
          minmay_shallow_snake_nest
D:4:      layout_cave_pools, gammafunk_temple_overflow_statue,
          chequers_ossuary_entry_cave, serial_shops,
          nicolae_shop_overgrown_old_shop, shop,
          grunt_dithmenos_smoke_and_mirrors, uniq_edmund
D:5:      layout_loops_ring, yredelemnul_forgotten_temple_becter,
          minmay_temple_entry_statues_fountains, kennysheep_generic_room_8
D:6:      layout_layer_cave, serial_shops, shop, kennysheep_mini,
          nicolae_shop_behind_doors, shop, minmay_manual_mail, uniq_grinder
Temple:   compressed_dpeg_triangle_lava_temple

Skill      XL: |  1  2  3  4  5  6  7  8 |
---------------+-------------------------+-----
Maces & Flails | 3 4 5 6 8 9 |  9.6
Throwing       | 1 2 3 |  3.0
Fighting       | 4 |  4.2
Dodging        | 4 |  4.1
Stealth        | |  1.0

Action                   |  1- 3 |  4- 6 |  7- 9 || total
-------------------------+-------+-------+-------++-------
Melee: Mace              |   145 |    87 |       ||   232
       Flail             |       |   146 |   167 ||   313
       Whip              |       |       |   172 ||   172
 Fire: Hunting sling     |       |     6 |       ||     6
Throw: Large rock        |       |       |     4 ||     4
Invok: Animate Remains   |       |       |     8 ||     8
       Injury Mirror     |       |       |     1 ||     1
  Use: Potion            |       |     2 |     6 ||     8
       Scroll            |       |    10 |       ||    10
 Stab: Sleeping          |     6 |     1 |     3 ||    10
Armor: Robe              |    82 |    80 |    86 ||   248
       Skin              |       |       |    19 ||    19
Dodge: Dodged            |   100 |   134 |   128 ||   362
